 Dungeon Crawl Stone Soup version 0.29-a0-330-g52719c12eb (webtiles) character file.

Game seed: 14865341457285733038

66 dohliylev the Skirmisher (level 3, -3/36 HPs)
             Began as a Troll Fighter on May 11, 2022.
             Killed from afar by Natasha (7 damage)
             ... with a magic dart
             ... on level 2 of the Dungeon.
             The game lasted 00:02:58 (846 turns).

dohliylev the Skirmisher (Troll Fighter)             Turns: 846, Time: 00:02:59

Health: -3/36      AC:  4    Str: 26    XL:     3   Next: 96%
Magic:  2/2        EV:  8    Int:  4    God:
Gold:   78         SH:  7    Dex:  9    Spells: 2/2 levels left

rFire   . . .      SeeInvis .     - Unarmed
rCold   . . .      Faith    .   b - +0 kite shield
rNeg    . . .      Spirit   .   a - +0 robe
rPois   .          Reflect  .   (helmet restricted)
rElec   .          Harm     .   (no cloak)
rCorr   .          Rampage  .   (gloves unavailable)
Will    .....                   (boots unavailable)
Stlth   +.........              (no amulet)
HPRegen 0.92/turn               (no ring)
MPRegen 0.08/turn               (no ring)

@: slowed, very slow
A: large, unfitting armour, claws 3, regeneration 1, shaggy fur 1, tough skin 1
a: no special abilities


You were on level 2 of the Dungeon.
You visited 1 branch of the dungeon, and saw 2 of its levels.

You collected 78 gold pieces.

Inventory:

Missiles
 d - 3 boomerangs (quivered)
Armour
 a - a +0 robe (worn)
 b - a +0 kite shield (worn)
Scrolls
 f - 2 scrolls of magic mapping {unknown}
 g - 4 scrolls of identify {unknown}
 i - a scroll of summoning {unknown}
 j - 5 scrolls of teleportation {unknown}
 k - 4 scrolls of noise {unknown}
 l - 2 scrolls of enchant weapon {unknown}
Potions
 c - a potion of might
 e - a potion of brilliance {unknown}
 h - a potion of magic {unknown}
 m - a potion of heal wounds {unknown}


   Skills:
 + Level 2.9 Fighting
 + Level 1.2 Throwing
 + Level 2.8 Dodging
 + Level 2.8 Shields
 + Level 2.4 Unarmed Combat


You had 2 spell levels left.
You didn't know any spells.
Your spell library was empty.

Dungeon Overview and Level Annotations

Branches:
Dungeon (2/15)

Altars:
Xom

Annotations:
D:2 Natasha


Innate Abilities, Weirdness & Mutations

You are too large for most types of armour.
You have claws for hands.
Your natural rate of healing is unusually fast.
You are covered in fur. (AC +1)
You have tough skin. (AC +1)


Message History

Natasha casts a spell.
The crimson imp blinks!
You block the crimson imp's attack.
The crimson imp blinks!
The crimson imp laughs crazily.
The crimson imp barely misses you.
The crimson imp attacks as you move away!
The crimson imp hits you but does no damage.
Natasha wildly gestures.
Natasha glows brightly for a moment.
Natasha stares at you and mumbles some strange words.
The magic dart hits you.
The crimson imp attacks as you move away!
The crimson imp barely misses you.
The crimson imp attacks as you move away!
The crimson imp hits you.
The crimson imp blinks!
Natasha casts a spell.
Natasha casts a spell at you.
You feel yourself slow down.
Natasha stares at you and mumbles some strange words.
The magic dart hits you!
You barely miss Natasha.
Natasha is heavily wounded.
Natasha claws you.
The crimson imp blinks!
You barely miss Natasha.
Natasha is moderately wounded.
Natasha claws you!
* * * LOW HITPOINT WARNING * * *
Natasha casts a spell at you. You resist with significant effort.
You claw Natasha!
Natasha is almost dead.
Natasha wildly gestures.
Natasha shimmers violently.
Natasha claws you.
* * * LOW HITPOINT WARNING * * *
The crimson imp blinks!
Natasha casts a spell at you. The magic dart hits you!
You die...

#. #.############
#............#
#............#
#............#
#............#
#............##
############..........<...
.........@h55.§.........).
#####.######..............
# ############### .. #####
## #...# ####...# ######
####......## #.....
#........†<# #.....


You could see Natasha and 2 crimson imps.

Vanquished Creatures
  Terence (D:2)
  An adder (D:2)
  A dart slug (D:1)
  A ball python (D:1)
  4 bats
  4 endoplasms
  3 giant cockroaches (D:2)
  4 goblins (D:1)
  A kobold (D:1)
  2 quokkas (D:1)
  3 frilled lizards
  2 rats (D:1)
27 creatures vanquished.

Notes
Turn   | Place    | Note
-------+----------+-------------------------------------------
     0 | D:1      | dohliylev the Troll Fighter began the quest for the Orb.
     0 | D:1      | Reached XP level 1. HP: 22/22 MP: 0/0
   148 | D:1      | Reached XP level 2. HP: 29/29 MP: 1/1
   311 | D:1      | Found a faded altar of an unknown god.
   715 | D:2      | Noticed Terence
   733 | D:2      | Killed Terence
   734 | D:2      | Reached skill level 1 in Throwing
   734 | D:2      | Reached XP level 3. HP: 32/36 MP: 2/2
   768 | D:2      | Found a shimmering altar of Xom.
   818 | D:2      | Noticed Natasha
   846 | D:2      | Killed from afar by Natasha

Illustrated notes

Levels and vault maps discovered:
D:1:      dpeg_arrival_simpleton_c, layout_basic,
          shapermc_ecumenical_altar_mp_highgroup
D:2:      layout_basic, basic_altar, serial_corexii_hall,
          corexii_hall_statues_i, corexii_hall_statues_s, uniq_terence,
          uniq_natasha

Skill      XL: |  1  2 |
---------------+-------+-----
Throwing       | 1 |  1.2
Fighting       | |  2.9
Dodging        | |  2.8
Shields        | |  2.8
Unarmed Combat | |  2.4

Action                   || total
-------------------------++-------
Melee: Unarmed           ||    54
Throw: Boomerang         ||    44
Armor: Robe              ||    16
Dodge: Dodged            ||    20
Block: Kite shield       ||    25

Table legend: (Time is in decaauts)
 A = Elapsed time spent in this place.
 B = Non-inter-level travel time spent in this place.
 C = Inter-level travel time spent in this place.
 D = Time resting spent in this place.
 E = Time spent auto-exploring this place.
 F = Levels seen in this place.
 G = Mean time per level.
                   A        B        C        D        E       F      G
               +--------+--------+--------+--------+--------+-----+--------+
         Total |    869 |    862 |      7 |      3 |    621 |   2 |  434.5 |
       Dungeon |    869 |    862 |      7 |      3 |    621 |   2 |  434.5 |
               +--------+--------+--------+--------+--------+-----+--------+

Top non-repeatable levels by time:
     D:1: 630 daAuts
     D:2: 238 daAuts
